← All builds
Air / Armada / Economy first / OBSERVED BUILD

Standard air

Armada Air build order · Supreme Isthmus

Builds an Aircraft Plant early, reclaims it for metal, then teches up through an Advanced Metal Extractor and Fusion Reactor while supplying teammates with transports and scouts, settling into Falcons and later Highwinds for the team's air…

Usually transports first (69%)

#eco #air #team support · 151 distinct matches · 69 players · 65% of Armada Air games · team won 42% of 154 · Recently observed

HOW TO PLAY IT

Key timing: Aircraft Plant by 1:32

  1. Take mex and wind while queuing the aircraft plant immediately.
  2. Get the aircraft plant up before 1:44 to start producing early.
  3. Build an advanced mex to keep economy scaling for T2.
  4. Send transports and scouts to allies as soon as they're ready.
  5. Add a fusion reactor and shift into fighters then Liche bombers.

Phase by phase

TYPICAL OF ITS 151 GAMES
  1. 1
  2. 2
  3. 3
PLAY THE OPENING

Follow the example game's first 6:00 step by step: what to build now, what comes next, and where it goes. At 1× it keeps pace with your own game.

  1. 1

    Up to the Aircraft Plant

    Economy
    • Metal Extractor3Mex
    • Wind Turbine5Wind
    • Energy Storage1Energy storage
    Order
    1. Aircraft PlantAircraft Plant after 3 mex, 5 wind, 1 energy storagedone ~1:30, middle half 1:22–1:41

    By 1:12 in all: 3 mex · 5 wind · 1 energy storage

    The example game in this phase · 4 steps
    1. Mex ×3
    2. Energy storage
    3. Wind ×4
    4. Aircraft PlantAircraft Plantdone 1:31 · typical 1:30
  2. 2

    Aircraft Plant to 5:00

    Economy
    • Metal Extractor1Mex
    • Wind Turbine12Wind
    Builders
    • Construction Turret2 Con turret
    • Construction Aircraft1 Con aircraft
    Army
    • Falcon6 Fighter
    • Blink2 Scout plane for allies
    • Stork2 Light transport for allies
    • Blink1 Scout plane
    • Osprey1 Heavy transport for allies

    Some games also: banshee (34%) · light transport (33%)

    By 5:00 in all: 4 mex · 17 wind · 1 energy storage · 2 con turret

    The example game in this phase · 33 steps
    1. BlinkScout planefor Geo sea
    2. StorkLight transportfor Geo sea
    3. BlinkScout planefor Beach sea
    4. StorkLight transport ×2for Beach sea
    5. Wind
    6. BlinkScout plane
    7. FalconFighter
    8. Wind
    9. FalconFighter
    10. Mex
    11. Wind ×3
    12. FalconFighter
    13. Wind
    14. FalconFighter
    15. Wind
    16. FalconFighter
    17. Wind
    18. Con turret
    19. FalconFighter
    20. Wind
    21. FalconFighter ×2
    22. StorkLight transport
    23. Wind
    24. Construction AircraftCon aircraft
    25. Wind
    26. BlinkScout plane
    27. FalconFighter
    28. BeamerBeamer
    29. Wind
    30. FalconFighter ×2
    31. Wind
    32. OspreyHeavy transportfor Tech
    33. Wind
  3. 3

    5:00 to 10:00

    Economy
    • Wind Turbine34Wind
    • Energy Converter8Converter
    Order
    1. Aircraft PlantEat Aircraft Plant in 79% of games
    Builders
    • Construction Turret4 Con turret
    Army
    • Falcon10 Fighter

    Some games also: Aircraft Plant (47%) · con aircraft (47%) · fusion (32%)

    By 10:00 in all: 4 mex · 50 wind · 9 converter · 1 energy storage · 6 con turret

    The example game in this phase · 86 steps
    1. Wind ×2
    2. FalconFighter
    3. Con turret
    4. Wind
    5. FalconFighter
    6. Wind
    7. FalconFighter ×2
    8. Wind
    9. FalconFighter
    10. Wind
    11. FalconFighter
    12. Wind
    13. FalconFighter
    14. Wind
    15. FalconFighter
    16. Wind
    17. FalconFighter
    18. Wind
    19. Advanced Metal ExtractorT2 mexdone 7:26 · typical 7:03
    20. FalconFighter
    21. Wind
    22. FalconFighter
    23. Wind
    24. FalconFighter
    25. Advanced Metal ExtractorT2 mex
    26. FalconFighter
    27. Wind
    28. BlinkScout plane
    29. Construction AircraftCon aircraft
    30. Con turret
    31. Wind
    32. Con turret
    33. Wind ×3
    34. Advanced Metal ExtractorT2 mex
    35. Wind ×3
    36. FalconFighter
    37. Wind
    38. FalconFighter
    39. Wind
    40. Advanced Metal ExtractorT2 mex
    41. FalconFighter ×6
    42. Wind
    43. FalconFighter ×5
    44. Wind
    45. FalconFighter ×3
    46. Construction AircraftCon aircraft
    47. Wind
    48. Construction AircraftCon aircraft
    49. Wind
    50. Construction AircraftCon aircraft ×3
    51. Wind
    52. FalconFighter
    53. Wind
    54. FalconFighter
    55. Advanced Aircraft PlantAdvanced Aircraft Plantdone 11:13
    56. FalconFighter ×2
    57. StorkLight transport
    58. Advanced Metal ExtractorT2 mex ×2
    59. Advanced Geothermal PowerplantAdvanced Geothermal Powerplantdone 13:49
    60. HighwindHighwind
    61. Aircraft PlantEat Aircraft Plantreclaimed for its metal
    62. HighwindHighwind ×2
    63. Wind
    64. Con turret
    65. HighwindHighwind ×3
    66. Wind
    67. HighwindHighwind
    68. Wind
    69. HighwindHighwind
    70. BeamerBeamer
    71. Wind
    72. BeamerBeamer
    73. Wind ×4
    74. BeamerBeamer
    75. Wind ×6
    76. BeamerBeamer
    77. Wind ×3
    78. LicheLichedone 14:42
    79. Sneaky PeteSneaky Pete
    80. Wind ×2
    81. Radar TowerRadar Tower
    82. ChainsawChainsaw
    83. Wind ×2
    84. ChainsawChainsaw
    85. Advanced Construction AircraftT2 con aircraft
    86. Con turret ×3

Counts are medians over the build's games: half of them build more, half fewer. The example game is Ram_Me_Daddy's (33 OS, 20/09/2026); pick another.

Team trades

IN AT LEAST 30% OF ITS GAMES

You hand over

  • Blink2 Scout plane to Geo sea or Beach seafirst at 1:50 · in 86% of games
  • Stork3 Light transport to Tech or Geo sea or Beach seafirst at 2:09 · in 90% of games
  • Osprey1 Heavy transport to Beach sea or Pond or Techfirst at 2:26 · in 66% of games

You get

  • Wind Turbine3 Wind from Beach sea or Geo seafirst at 1:35 · in 53% of games
  • Wind Turbine3 Wind from Beach sea or Geo sea or Techfirst at 1:40 · in 38% of games
  • Construction Bot1 Con bot from Techfirst at 2:28 · in 69% of games
  • Advanced Construction Bot1 T2 con bot from Techfirst at 6:04 · in 88% of games

How it plays out

Typical game of this build, running totals by minute

Metal produced

010k20k30k
0:005:0010:0015:00

metal

Enemy metal destroyed

01k2k3k
0:005:0010:0015:00

metal

Own metal lost

01k2k3k
0:005:0010:0015:00

metal

154 games.

Show as table
ByMetal produced: This buildEnemy metal destroyed: This buildOwn metal lost: This build
1:0039000
2:0091900
3:00145400
4:002058510
5:0027827473
6:003568151146
7:004958241261
8:006660339307
9:008641397365
10:0010953470489
11:0013420624584
12:0016125845709
13:00189671239937
14:002177116241477
15:002481620012269
WHAT THE NUMBERS SAY

Standard air play wins less than half its games while destroying far less metal than it loses by 15:00.

  • + Aircraft plant lands consistently by 1:44, keeping tempo on schedule.
  • − Enemy metal destroyed (2664) trails own metal lost (2351) by 15:00.
THE EXAMPLE YOU ARE READING

Ram_Me_Daddy

32.8 OS · 20/09/2026

Open source match ↗

4 received units · includes a constructor
347 metal received · 37927 energy received

Allied construction assistance is unknown. Timings are observations, not a promise of solo reproducibility.

Typical milestones

Aircraft Plant1:30Middle 50%: 1:22–1:41 · n=149
Advanced Metal Extractor7:03Middle 50%: 6:36–7:41 · n=145
Fusion Reactor11:07Middle 50%: 10:01–12:25 · n=87

Played most by

arcsiz25games of this buildbadbot10games of this buildLeohvm8games of this build[Grump]FranzDK6games of this buildFakepilot6games of this build